 Dungeon Crawl Stone Soup version 0.23-a0-239-g84a5ed292d (webtiles) character file.

113 Lepercus the Ruffian (level 4, -8/52 HPs)
             Began as a Demonspawn Abyssal Knight on Sept 26, 2018.
             Was a Believer of Lugonu.
             Killed from afar by a goblin (15 damage)
             ... with an exploding inner flame
             ... led by Robin
             ... hexed by the player character
             ... on level 2 of the Dungeon.
             The game lasted 00:10:36 (1902 turns).

Lepercus the Ruffian (Demonspawn Abyssal Knight)    Turns: 1902, Time: 00:10:37

Health: -8/52      AC:  3    Str: 18    XL:     4   Next: 65%
Magic:  6/6        EV: 12    Int: 14    God:    Lugonu [**....]
Gold:   82         SH:  0    Dex: 12    Spells: 3/3 levels left

rFire    . . .     SeeInvis .     - Unarmed
rCold    . . .     Gourm    +   (no shield)
rNeg     . . .     Faith    .   a - +0 leather armour
rPois    .         Spirit   .   (no helmet)
rElec    .         Reflect  .   (no cloak)
rCorr    .         Harm     .   (no gloves)
MR       +....                  (no boots)
Stlth    ..........             h - amulet of the gourmand
HPRegen  0.17/turn              f - ring of protection from magic
MPRegen  0.10/turn              (no ring)

@: berserking, very quick
A: claws 1, powered by pain 1, rot immunity
a: Depart the Abyss, Bend Space, Renounce Religion


You were on level 2 of the Dungeon.
You worshipped Lugonu.
Lugonu was pleased with you.
You were full.

You visited 1 branch of the dungeon, and saw 2 of its levels.
You visited the Abyss 1 time.

You collected 82 gold pieces.

Inventory:

Armour
 a - a +0 leather armour (worn)
 e - a +0 leather armour
Jewellery
 f - a ring of protection from magic (left claw)
 h - an amulet of the gourmand (around neck)
Scrolls
 i - a scroll of identify
 j - a scroll of remove curse
 l - a scroll of immolation
Potions
 c - a potion of resistance {unknown}
 d - a potion of flight {unknown}
Comestibles
 b - 5 rations


   Skills:
 + Level 3.2 Fighting
 + Level 2.3 Armour
 + Level 2.1 Dodging
 + Level 0.2 Stealth
 + Level 3.3 Unarmed Combat
 + Level 2.7 Invocations


You had 3 spell levels left.
You didn't know any spells.
Your spell library was empty.

Dungeon Overview and Level Annotations

Branches:
Dungeon (2/15)

Altars:

Annotations:
D:2 Robin


Innate Abilities, Weirdness & Mutations

You have sharp fingernails.
You sometimes gain a little power by taking damage.
You are immune to rotting.


Message History

The creatures around you are filled with an inner flame!
The goblin closely misses you. The goblin hits you with a dagger.
* * * LOW HITPOINT WARNING * * *
You are too injured to fight recklessly!
You are too injured to fight recklessly!
There are monsters nearby!
It was a potion of berserk rage.
A red film seems to cover your vision as you go berserk!
You feel yourself moving faster!
You feel mighty! The goblin closely misses you.
The goblin hits you with a dagger.
* * * LOW HITPOINT WARNING * * *
A giant cockroach comes into view.
You closely miss the goblin. The goblin barely misses you.
The goblin closely misses you.
You claw the goblin!
The goblin explodes!
The fiery explosion engulfs the goblin.
The goblin explodes!
The fiery explosion engulfs you!
You die...

#...........# #.g
#...........# #####...
#...........###......
#...............#..#
#..........##.....####.
#..........##..........
#..........##..g...#
#..........##..g.# #.#
#.........§@#)...#
#.###
##########§§§gs..#
#.... #.§♣♣♣..# #....
#..♣# #♣.# ####....
#..♣ .####....... ....♣
.##.........
##...........
[...........
#........... ..
..#####....
#........... #..
#######....


You could see Robin and a giant cockroach.

Vanquished Creatures
  An adder (D:2)
  5 gnolls
  2 dart slugs (D:1)
  7 bats
  A giant cockroach (D:1)
  11 goblins
  7 hobgoblins
  8 kobolds
  3 frilled lizards (D:1)
  6 rats
51 creatures vanquished.

Notes
Turn   | Place    | Note
-------+----------+-------------------------------------------
     0 | Abyss:1  | Lepercus the Demonspawn Abyssal Knight began the quest for
                  | the Orb.
     0 | Abyss:1  | Reached XP level 1. HP: 18/18 MP: 2/2
    62 | D:1      | Escaped the Abyss
   197 | D:1      | Gained mutation: You have sharp fingernails. [demonic
                  | ancestry]
   197 | D:1      | Reached XP level 2. HP: 19/24 MP: 3/3
   246 | D:1      | Reached skill level 1 in Dodging
   955 | D:1      | Gained mutation: You sometimes gain a little power by
                  | taking damage. [demonic ancestry]
   955 | D:1      | Reached XP level 3. HP: 27/29 MP: 5/5
  1201 | D:2      | Reached ** piety under Lugonu
  1201 | D:2      | Gained mutation: You are immune to rotting. [demonic
                  | ancestry]
  1201 | D:2      | Reached XP level 4. HP: 4/35 MP: 6/6
  1885 | D:2      | Noticed Robin
  1902 | D:2      | Killed from afar by a goblin

Vault maps used:
D:1:      dpeg_arrival_pond
D:2:      grunt_dithmenos_smoke, minmay_stone_trees_small, uniq_robin

Skill      XL: |  1  2  3  4 |
---------------+-------------+-----
Unarmed Combat | 2 3 |  3.3
Armour         | 2 |  2.3
Dodging        | 1 2 |  2.1
Fighting       | |  3.2
Stealth        | |  0.2
Invocations    | |  2.7

Action                   |  1- 3 |  4- 6 || total
-------------------------+-------+-------++-------
Melee: Unarmed           |   105 |    70 ||   175
       Punch             |     1 |     1 ||     2
  Use: Scroll            |     4 |     3 ||     7
       Potion            |     1 |     1 ||     2
  Eat: Chunk             |     1 |     5 ||     6
       Ration            |       |     1 ||     1
Armor: Leather armour    |    43 |    19 ||    62
Dodge: Dodged            |    80 |    68 ||   148

Table legend:
 A = Non-vault XP
 B = Vault XP
 C = Vault XP percentage of total XP
 D = Non-vault monster count
 E = Vault monster count
 F = Vault count percentage of total count
                 A         B        C        D         E       F
            +---------+---------+-------+---------+---------+-------
      Total |     144 |      18 |  11.1 |      42 |       9 |  17.6
            +---------+---------+-------+---------+---------+-------
        D:1 |      55 |       0 |   0.0 |      24 |       0 |   0.0
        D:2 |      89 |      18 |  16.8 |      18 |       9 |  33.3
            +---------+---------+-------+---------+---------+-------
